 Seeded DCSS version 0.30-a0-743-gbfdf073431 (webtiles) character file.

Game seed: 5430720872467839093 (custom seed)

109 purpskrrrp the Grasshopper (level 4, 0/23 HPs)
             Began as a Spriggan Warper on Feb 7, 2023.
             Killed by divine providence
             ... invoked by an orc priest
              (13 damage)
             ... on level 3 of the Dungeon.
             The game lasted 00:07:50 (2520 turns).

purpskrrrp the Grasshopper (Spriggan Warper)        Turns: 2520, Time: 00:07:51

Health: 0/23       AC:  2    Str: 20    XL:     4   Next: 60%
Magic:  9/9        EV: 17    Int: 15    God:
Gold:   819        SH:  0    Dex: 13    Spells: 5/9 levels left

rFire   . . .      SeeInvis +    j - -2 dagger (speed)
rCold   + + .      Faith    .    (no shield)
rNeg    . . .      Spirit   .    b - +0 robe
rPois   +          Reflect  .    (helmet restricted)
rElec   .          Harm     .    (no cloak)
rCorr   .          Rampage  .    (gloves unavailable)
Will    .....                    (boots unavailable)
Stlth   ++                       n - amulet of regeneration
HPRegen 1.03/turn                l - +6 ring of strength
MPRegen 0.11/turn                m - ring of Kiosmigh {rC++ Will- Str+3 Slay+4}

@: very quick
A: very small, no large weapons, unfitting armour, see invisible, speed 3,
poison resistance, strong 1, subdued magic 1
a: no special abilities


You were on level 3 of the Dungeon.
You visited 1 branch of the dungeon, and saw 3 of its levels.

You collected 1246 gold pieces.
You spent 427 gold pieces at shops.

Inventory:

Hand Weapons
 a - a +0 short sword of flaming
 j - a -2 dagger of speed (weapon)
Armour
 b - a +0 robe (worn)
Jewellery
 l - a +6 ring of strength (left hand)
 m - the ring of Kiosmigh (right hand) {rC++ Will- Str+3 Slay+4}
   (You acquired it on level 1 of the Dungeon)

   [ring of slaying]

   Str:       It affects your strength (+3).
   Slay:      It affects your accuracy & damage with ranged weapons and melee
   (+4).
   rC:        It greatly protects you from cold.
   Will:      It decreases your willpower.
 n - an amulet of regeneration (around neck)
 q - a ring of protection from cold
Scrolls
 c - 2 scrolls of blinking
 d - a scroll of teleportation {unknown}
 e - a scroll of poison {unknown}
 g - 3 scrolls of amnesia {unknown}
 i - 2 scrolls of noise {unknown}
 k - a scroll of torment {unknown}
 o - 3 scrolls of enchant armour
 p - a scroll of fear
 r - a scroll of fog
 s - a scroll of immolation {unknown}
 t - a scroll of acquirement
Potions
 f - a potion of attraction
 h - a potion of curing
 u - a potion of degeneration {unknown}


   Skills:
 + Level 2.0 Fighting
 + Level 2.7 Short Blades
 - Level 1.0 Throwing
 + Level 3.8 Dodging
 + Level 2.5 Stealth
 + Level 3.2 Spellcasting
 * Level 5.6 Translocations


You had 5 spell levels left.
You knew the following spells:

 Your Spells              Type           Power      Damage    Failure   Level
a - Manifold Assault      Tloc           15%        N/A       16%         4

Your spell library contained the following spells:

 Spells                   Type           Power      Damage    Failure   Level
 Blink                    Tloc           30%        N/A       1%          2
 Lesser Beckoning         Tloc           30%        N/A       1%          2
 Teleport Other           Tloc           15%        N/A       4%          3
 Vhi's Electric Charge    Tloc/Air       16%        N/A       16%         3


Dungeon Overview and Level Annotations

Branches:
Dungeon (3/15)

Altars:

Shops:
D:2 ?


Innate Abilities, Weirdness & Mutations

You are very small and have problems with some larger weapons.
You are too small for most types of armour.
You have supernaturally acute eyesight. (SInv)
You cover ground extremely quickly. (Speed+++)
Your system is resistant to poisons. (rPois)
Your muscles are strong. (Str +4, Int/Dex -1)
Your spells are a little easier to cast, but a little less powerful.


Message History

You are too injured to fight recklessly!
You are too injured to fight recklessly!
You are too injured to fight recklessly!
You are too injured to fight recklessly!
You are too injured to fight recklessly!
You are too injured to fight recklessly!
You are too injured to fight recklessly!
You are too injured to fight recklessly!
You are too injured to fight recklessly!
You are too injured to fight recklessly!
You are too injured to fight recklessly!
You are too injured to fight recklessly!
You are too injured to fight recklessly!
You are too injured to fight recklessly!
You are too injured to fight recklessly!
You hit the orc priest but do no damage.
The orc priest is heavily wounded.
You hit the orc priest but do no damage.
The orc priest is heavily wounded.
The orc throws a poisoned dart.
The poisoned dart barely misses you. The orc hits you with a +0 club.
You hit the orc priest but do no damage.
The orc priest is heavily wounded.
You hit the orc priest but do no damage.
The orc priest is heavily wounded.
The orc priest mumbles some strange prayers to Beogh against you.
You barely resist. The orc closely misses you.
You closely miss the orc priest.
The orc priest is heavily wounded.
You completely miss the orc priest.
The orc priest is heavily wounded.
The orc priest hits you with a +0 club. The orc barely misses you.
You barely miss the orc priest.
The orc priest is heavily wounded.
You completely miss the orc priest.
The orc priest is heavily wounded.
The orc priest invokes the aid of Beogh against you.
Beogh smites you!
Ouch! That really hurt!
You die...

..(..#####...#.#######
#..#
..<...o.....#..#.....#
##.#
..###.#####...##.....#
#.# ...
#................#
#†##
##.######†.##..#.....#
#.[# .> #.###...†....#
##.# #.# #.#
#.#.†.#### #.# .#
#.##..#..## #.#
(....##.@### #.#
..##....oo.## #.#
.####.#####.)## #.# #.
##..# #.## ##)# #..#
#.## ##.# #..# #.#
##.# #.### #.### #<..#


You could see an orc priest and an orc.

Vanquished Creatures
  An orc wizard (D:3)
  3 gnolls (D:2)
  An adder (D:2)
  2 orcs (D:3)
  3 bats
  5 endoplasms
  4 hobgoblins
  4 jackals (D:1)
  5 kobolds (D:1)
  2 quokkas (D:1)
  4 ball pythons
  A frilled lizard (D:2)
  4 goblins
  3 rats
42 creatures vanquished.

Notes
Turn   | Place    | Note
-------+----------+-------------------------------------------
     0 | D:1      | purpskrrrp the Spriggan Warper began the quest for the Orb.
     0 | D:1      | Reached XP level 1. HP: 10/10 MP: 5/5
    82 | D:1      | Reached skill level 1 in Stealth
   154 | D:1      | Reached XP level 2. HP: 13/15 MP: 6/6
  1235 | D:1      | Reached skill level 5 in Translocations
  1509 | D:1      | Identified 3 scrolls of acquirement
  1509 | D:1      | Acquired an amulet of regeneration
  1516 | D:1      | Acquired 1144 gold pieces
  1517 | D:1      | Acquired the ring of Kiosmigh {rC++ Will- Str+3 Slay+4}
  1525 | D:1      | Reached XP level 3. HP: 18/18 MP: 8/8
  1573 | D:2      | Found Doddoiw's Magic Scroll Shoppe.
  1578 | D:2      | Bought a scroll of identify for 28 gold pieces
  1578 | D:2      | Bought a scroll of enchant armour for 105 gold pieces
  1578 | D:2      | Bought a scroll of identify for 28 gold pieces
  1578 | D:2      | Bought a scroll of fear for 56 gold pieces
  1578 | D:2      | Bought a scroll of blinking for 105 gold pieces
  1578 | D:2      | Bought a scroll of enchant armour for 105 gold pieces
  1668 | D:2      | Noticed a necrophage
  2030 | D:2      | Reached XP level 4. HP: 23/23 MP: 9/9
  2227 | D:2      | Gained mutation: Your system is resistant to poisons.
                  | (rPois) [potion of mutation]
  2227 | D:2      | Gained mutation: Your spells are a little easier to cast,
                  | but a little less powerful. [potion of mutation]
  2227 | D:2      | Gained mutation: Your muscles are strong. (Str +4, Int/Dex
                  | -1) [potion of mutation]
  2233 | D:2      | Learned a level 4 spell: Manifold Assault
  2316 | D:3      | Found a faded altar of an unknown god.
  2520 | D:3      | Killed from afar by an orc priest

Illustrated notes

Levels and vault maps discovered:
D:1:      dpeg_arrival_boxes_within_box, layout_basic
D:2:      layout_loops_ring, serial_shops, shop, nicolae_kite_square_tiling_tiny
D:3:      layout_rooms, okawaru_metal_pillars_3, ebering_ecumenical_altar_rust

Skill      XL: |  1  2  3 |
---------------+----------+-----
Stealth        | 1 2 |  2.5
Translocations | 5 |  5.6
Spellcasting   | 3 |  3.2
Fighting       | 2 |  2.0
Short Blades   | |  2.7
Throwing       | |  1.0
Dodging        | |  3.8

Action                     |  1- 3 |  4- 6 || total
---------------------------+-------+-------++-------
  Melee: Short sword       |   146 |     3 ||   149
         Dagger            |       |    67 ||    67
  Throw: Boomerang         |     7 |       ||     7
    Use: Scroll            |     4 |     3 ||     7
         Potion            |       |     2 ||     2
   Stab: Sleeping          |     3 |     1 ||     4
 Armour: Robe              |    28 |     4 ||    32
  Dodge: Dodged            |   125 |    25 ||   150

Table legend: (Time is in decaauts)
 A = Elapsed time spent in this place.
 B = Non-inter-level travel time spent in this place.
 C = Inter-level travel time spent in this place.
 D = Time resting spent in this place.
 E = Time spent auto-exploring this place.
 F = Levels seen in this place.
 G = Mean time per level.
                   A        B        C        D        E       F      G
               +--------+--------+--------+--------+--------+-----+--------+
         Total |   1777 |   1645 |    132 |    408 |    823 |   3 |  592.3 |
       Dungeon |   1777 |   1645 |    132 |    408 |    823 |   3 |  592.3 |
               +--------+--------+--------+--------+--------+-----+--------+

Top non-repeatable levels by time:
     D:1: 1080 daAuts
     D:2: 545 daAuts
     D:3: 151 daAuts
